 Dungeon Crawl Stone Soup version 0.21-a0-513-gdcb3f5e (webtiles) character file.

14 Gerstahl the Cutter (level 2, -1/23 HPs)
             Began as a Demonspawn Gladiator on Dec 1, 2017.
             Slain by a kobold
             ... wielding a +0 short sword
              (2 damage)
             ... on level 1 of the Dungeon.
             The game lasted 00:00:39 (648 turns).

Gerstahl the Cutter (Demonspawn Gladiator)           Turns: 648, Time: 00:00:40

Health: -1/23      AC:  4    Str: 14    XL:     2   Next: 31%
Magic:  2/2        EV: 12    Int:  9    God:
Gold:   0          SH:  0    Dex: 14    Spells: 1/1 levels left

rFire    . . .     SeeInvis .   a - +0 rapier
rCold    . . .     Gourm    .   (no shield)
rNeg     . . .     Faith    .   b - +0 leather armour
rPois    .         Spirit   .   c - +0 helmet
rElec    .         Reflect  .   (no cloak)
rCorr    .         Harm     .   (no gloves)
MR       .....                  (no boots)
Stlth    +.........             (no amulet)
HPRegen  0.07/turn              (no ring)
MPRegen  0.08/turn              (no ring)

@: no status effects
A: powered by pain 1
a: no special abilities


You were on level 1 of the Dungeon.
You were not hungry.

You visited 1 branch of the dungeon, and saw 1 of its levels.

Inventory:

Hand Weapons
 a - a +0 rapier (weapon)
Missiles
 d - 3 throwing nets (quivered)
Armour
 b - a +0 leather armour (worn)
 c - a +0 helmet (worn)
Scrolls
 e - a scroll of fear {unknown}
 i - a scroll of teleportation {unknown}
 j - a scroll of magic mapping {unknown}
Potions
 h - a potion of curing {unknown}
Comestibles
 f - 2 bread rations
 g - 2 royal jellies


   Skills:
 + Level 2.5 Fighting
 + Level 3.1 Short Blades
 - Level 1.7 Throwing
 - Level 2.6 Dodging


You had one spell level left.
You didn't know any spells.

Dungeon Overview and Level Annotations

Branches:
Dungeon (1/15)

Altars:


Innate Abilities, Weirdness & Mutations

You sometimes gain a little power by taking damage.


Message History

A kobold is nearby!
You are too injured to fight recklessly!
You are too injured to fight recklessly!
A kobold is nearby!
You are too injured to fight recklessly!
You closely miss the kobold.
The kobold is severely wounded.
The kobold hits you with a short sword.
* * * LOW HITPOINT WARNING * * *
You closely miss the kobold.
The kobold is severely wounded.
The kobold hits you with a short sword.
* * * LOW HITPOINT WARNING * * *
You hit the kobold but do no damage.
The kobold is severely wounded.
The kobold misses you.
You miss the kobold.
The kobold is severely wounded.
The kobold hits you with a short sword.
You die...

+.......'..##≈≈[.
###...###########
## ♣#.<.#♣ ##.##
#...# ####..$#
##### ........
#....# ###
#.#..######.....
#....((.@K..#
#.###.(########
#......# #####†##
###########.#
.........##.#
.#######.##.# ..#
#.##.# #.####
#.##.# ##########


You could see a kobold.

Vanquished Creatures
  A dart slug (D:1)
  A giant cockroach (D:1)
  2 goblins (D:1)
  A hobgoblin (D:1)
  A bat (D:1)
  4 frilled lizards (D:1)
  2 kobolds (D:1)
  2 rats (D:1)
14 creatures vanquished.

Notes
Turn   | Place    | Note
-------+----------+-------------------------------------------
     0 | D:1      | Gerstahl the Demonspawn Gladiator began the quest for the Orb.
     0 | D:1      | Reached XP level 1. HP: 16/16 MP: 1/1
   410 | D:1      | Reached skill level 3 in Short Blades
   410 | D:1      | Gained mutation: You sometimes gain a little power by taking damage. [demonic ancestry]
   410 | D:1      | Reached XP level 2. HP: 23/23 MP: 2/2
   646 | D:1      | HP: 1/23 [kobold/short sword (2)]
   648 | D:1      | Slain by a kobold

Vault maps used:
D:1:      sevenhm_arrival_forest_fort_small_1, nrook_mini_backslash

Skill      XL: |  1 |
---------------+----+-----
Short Blades   | 3 |  3.1
Fighting       | |  2.5
Throwing       | |  1.7
Dodging        | |  2.6

Action                   || total
-------------------------++-------
Melee: Rapier            ||    61
Armor: Leather armour    ||    15
Dodge: Dodged            ||    26

Table legend:
 A = Spawn XP
 B = Non-spawn XP
 C = Spawn XP percentage of total XP
 D = Spawn monster count
 E = Non-spawn monster count
 F = Spawn count percentage of total count
 G = Total turns spent on level
                    A         B        C        D         E        F      G
               +---------+---------+-------+---------+---------+-------+---------
         Total |       0 |      21 |   0.0 |       0 |      14 |   0.0 |   648
               +---------+---------+-------+---------+---------+-------+---------
           D:1 |       0 |      21 |   0.0 |       0 |      14 |   0.0 |   648
               +---------+---------+-------+---------+---------+-------+---------
